 Dungeon Crawl Stone Soup version 0.31-a0-700-gf13585253f (webtiles) character file.

Game seed: 14146015226777602894

77 lunkers the Insei (level 4, -3/35 HPs)
             Began as a Meteoran Shapeshifter on Sept 7, 2023.
             Slain by a gnoll
             ... wielding a +0 whip
              (5 damage)
             ... on level 2 of the Dungeon.
             The game lasted 00:01:30 (578 turns).

lunkers the Insei (Meteoran Shapeshifter)            Turns: 578, Time: 00:01:31

Health: -3/35      AC: 11    Str: 15    XL:     4   Next: 89%
Magic:  5/5        EV:  4    Int: 12    God:
Gold:   51         SH:  0    Dex: 15    Spells: 3/3 levels left

rFire   + .          .
                       - Unarmed
rCold   . . .        (no shield)
rNeg    . . .        j - +1 plate armour of the Chimera {rF+}
rPois   .            (helmet currently unavailable)
rElec   .            (cloak currently unavailable)
rCorr   .            (gloves currently unavailable)
SInv    .            (boots currently unavailable)
Will    .....        (no amulet) Stlth
                     (no ring)
HPRegen 0.25/turn    (no ring)
MPRegen 0.09/turn

%: no passive effects
@: beast-form, glowing
A: beast (slay +2), sense surroundings 1, otherworldly, glowing, explore regen
a: Begin Untransformation


You were on level 2 of the Dungeon.
You were a hulking beast.
You visited 1 branch of the dungeon, and saw 2 of its levels.

You collected 51 gold pieces.

Inventory:

Armour
 a - a +0 animal skin
 e - a +0 chain mail
 j - the +1 plate armour of the Chimera (worn) {rF+}
   (You found it on level 2 of the Dungeon)

   rF+:       It protects you from fire.
Talismans
 c - a beast talisman (active)
 d - a flux talisman
Scrolls
 g - a scroll of amnesia {unknown}
 k - a scroll of butterflies {unknown}
 l - a scroll of identify {unknown}
 m - a scroll of vulnerability {unknown}
 o - a scroll of teleportation {unknown}
 p - a scroll of immolation {unknown}
Potions
 b - a potion of lignification
 f - 3 potions of curing {unknown}
 h - a potion of brilliance {unknown}
 i - a potion of might {unknown}
 n - a potion of haste {unknown}


   Skills:
 - Level 1.1 Fighting
 - Level 2.1 Dodging
 * Level 5.3 Unarmed Combat
 + Level 4.4 Shapeshifting


You had 3 spell levels left.
You didn't know any spells.
Your spell library contained the following spells:

 Spells                   Type           Power      Damage    Failure   Level
 Dazzling Flash           Conj/Hex       0%         N/A       100%        3
 Summon Guardian Golem    Hex/Summ       0%         N/A       100%        3
 Volatile Blastmotes      Fire/Tloc      0%         2d10      100%        3
 Starburst                Conj/Fire      0%         6d3       100%        6
 Orb of Destruction       Conj           0%         9d5       100%        7
 Spellforged Servitor     Conj/Summ      0%         N/A       100%        7
 Maxwell's Capacitive Co  Air            0%         ∞         100%        8


Dungeon Overview and Level Annotations

Branches:
Dungeon (2/15) Zot: 628

Altars:

Shops:
D:2 :


Innate Abilities, Weirdness & Mutations

You are a hulking beast.
Your limbs bulge with bestial killing power. (Slay +2)
You passively map a small area around you.
You are easily found by Zot.
You glow in the dark.
You regain HP and MP as you explore.


Message History

The gnoll is severely wounded.
The gnoll hits you with a +0 flail.
* * * LOW HITPOINT WARNING * * *
The gnoll completely misses you. The gnoll hits you but does no damage.
You hit the gnoll.
The gnoll is almost dead.
The gnoll hits you with a +0 spear!
* * * LOW HITPOINT WARNING * * *
The gnoll hits you but does no damage. x2
You closely miss the gnoll.
The gnoll is almost dead.
The gnoll hits you but does no damage. The gnoll hits you with a +0 flail.
* * * LOW HITPOINT WARNING * * *
The gnoll hits you but does no damage.
You hit the gnoll.
You kill the gnoll!
The gnoll barely misses you. The gnoll hits you but does no damage.
Unknown command.
You hit the gnoll.
The gnoll is moderately wounded.
The gnoll hits you with a +0 flail.
* * * LOW HITPOINT WARNING * * *
The gnoll hits you with a +0 whip.
* * * LOW HITPOINT WARNING * * *
You closely miss the gnoll.
The gnoll is moderately wounded.
The gnoll hits you but does no damage. x2
Unknown command.
Unknown command.
You hit the gnoll.
The gnoll is severely wounded.
The gnoll hits you but does no damage. x2
Unknown command.
You closely miss the gnoll. You punch the gnoll.
The gnoll is almost dead.
Unknown command.
You completely miss the gnoll.
The gnoll is almost dead.
The gnoll hits you but does no damage. The gnoll hits you with a +0 whip.
You die...

,, .###* , ... ########
,, ,* #.**
#.#####...... . ,
*#.####..........####..
#.....................
, *
#..........)gg......, ~
#..........h)# , ~
##....#......# ,
~~~##..######### , , ,
~≈≈≈≈##.######## *, ,,
, ≈≈≈≈≈##........ , , ,
, ≈≈≈≈≈≈ #........ , ,
≈≈≈≈≈≈~#...##### , *
#≈≈≈≈≈≈~#.....##
*.≈≈≈≈≈≈ ###....#** *


You could see 2 gnolls.

Vanquished Creatures
  2 gnolls (D:2)
  3 adders (D:2)
  2 worms (D:2)
  A ball python (D:1)
  2 endoplasms
  2 goblins (D:1)
  2 hobgoblins
  A kobold (D:2)
  A quokka (D:2)
  4 bats
  3 frilled lizards
  4 rats
27 creatures vanquished.

Notes
Turn   | Place    | Note
-------+----------+-------------------------------------------
     0 | D:1      | lunkers the Meteoran Shapeshifter began the quest for the
                  | Orb.
     0 | D:1      | Reached XP level 1. HP: 16/16 MP: 2/2
    96 | D:1      | Reached skill level 4 in Unarmed Combat
    96 | D:1      | Reached XP level 2. HP: 18/23 MP: 3/3
   372 | D:2      | Identified the +1 plate armour of the Chimera {rF+}
   406 | D:2      | Reached XP level 3. HP: 17/28 MP: 4/4
   452 | D:2      | Reached skill level 5 in Unarmed Combat
   452 | D:2      | Reached XP level 4. HP: 28/35 MP: 5/5
   522 | D:2      | Found Ywirymaj's Book Emporium.
   574 | D:2      | HP: 1/35 [gnoll/+0 whip (3)]
   578 | D:2      | Slain by a gnoll

Illustrated notes

Levels and vault maps discovered:
D:1:      minmay_arrival_open_corners, layout_basic, grunt_decor_arrowhead,
          minmay_indecisive_spiral
D:2:      kennysheep_big_flooded_room, layout_rooms, serial_shops, shop,
          minmay_divided_ellipse

Skill      XL: |  1  2  3 |
---------------+----------+-----
Unarmed Combat | 4 5 |  5.3
Shapeshifting  | 4 |  4.4
Fighting       | |  1.1
Dodging        | |  2.1

Action                     |  1- 3 |  4- 6 || total
---------------------------+-------+-------++-------
  Melee: Unarmed           |    55 |    28 ||    83
         Punch             |     1 |     1 ||     2
 Armour: Chain mail        |    23 |       ||    23
         Animal skin       |     4 |       ||     4
         Plate armour      |    26 |    40 ||    66
  Dodge: Dodged            |    23 |     5 ||    28

Table legend: (Time is in decaauts)
 A = Elapsed time spent in this place.
 B = Non-inter-level travel time spent in this place.
 C = Inter-level travel time spent in this place.
 D = Time resting spent in this place.
 E = Time spent auto-exploring this place.
 F = Levels seen in this place.
 G = Mean time per level.
                   A        B        C        D        E       F      G
               +--------+--------+--------+--------+--------+-----+--------+
         Total |    570 |    570 |      0 |      0 |    327 |   2 |  285.0 |
       Dungeon |    570 |    570 |      0 |      0 |    327 |   2 |  285.0 |
               +--------+--------+--------+--------+--------+-----+--------+

Top non-repeatable levels by time:
     D:1: 352 daAuts
     D:2: 218 daAuts
